Map: Nightscape LE

Players

Chris

  • Race: Terran Terran
  • Spawn Location: 7:00

Tarask

  • Race: Protoss Protoss
  • League: Diamond
  • Spawn Location: 7:00

qqq - Winner!

  • Race: Zerg Zerg
  • Spawn Location: 1:00

Massa - Winner!

  • Race: Terran Terran
  • League: Platinum
  • Spawn Location: 1:00

VOD

Have the link to the VOD?

Description

Time

  • Played on: Feb. 20, 2021, 12:50 p.m.
  • Length: 8:49
Show
View Real Time Build Order
Export as new Build Order

Chris Terran 

Build Orders: 2 Factory 

Get SALT Encoding   

  12  0:00  SCV  
  13  0:13  SCV  
  14  0:17  Supply Depot  
  14  0:26  SCV  
  15  0:39  SCV  
  16  0:42  Barracks  
  16  0:51  SCV  
  16  0:54  Refinery  
  17  1:03  SCV  
  18  1:15  SCV  
  20  1:33  Orbital Command  
  20  1:39  Reaper  
  20  1:48  Command Center  
  20  2:01  Supply Depot  
  20  2:05  SCV  
  21  2:11  Refinery  
  20  2:19  Refinery  
  20  2:21  SCV  
  21  2:22  Marine  
  22  2:33  SCV  
  23  2:45  Factory  
  23  2:48  SCV  
  24  2:52  Barracks Reactor  
  24  3:05  Orbital Command  
  24  3:06  SCV  
  24  3:12  Factory  
  25  3:18  SCV  
  26  3:30  SCV  
  27  3:40  Barracks Tech Lab  
  27  3:44  SCV x2  
  31  3:48  Hellion  
  31  3:49  Hellion  
  33  4:03  SCV x2  
  35  4:18  Hellion x2  
  35  4:19  Siege Tank  
  35  4:22  Supply Depot  
  41  4:26  Supply Depot  
  41  4:29  SCV x2  
  43  4:41  SCV  
  41  4:46  Orbital Command  
  29  5:05  Hellion x2, Siege Tank  
  31  5:27  Hellion x2  
  32  5:38  Hellion  
  34  5:48  Hellion  
  36  5:54  SCV x2  
  38  6:02  Infernal Pre-Igniter  
  38  6:04  Hellion, Siege Tank  
  41  6:06  SCV, Command Center  
  41  6:09  Hellion  
  46  6:15  SCV  
  47  6:19  SCV  
  48  6:27  SCV  
  48  6:30  Armory  
  48  6:31  SCV, Armory  
  50  6:37  Hellion x2  
  50  6:39  SCV  
  55  6:44  Supply Depot x2  
  55  6:49  SCV  
  55  6:51  SCV  
  55  7:01  SCV  
  56  7:04  SCV  
  56  7:06  Siege Tank  
  56  7:07  Hellion x2  
  60  7:13  Engineering Bay  
  60  7:20  Refinery x2  
  60  7:25  Orbital Command  
  60  7:39  Missile Turret  
  60  7:42  Missile Turret  
  60  7:47  Missile Turret  
  60  7:54  SCV  
  60  7:55  SCV x2  
  63  8:07  SCV x2, Missile Turret  
  63  8:08  Supply Depot  
  64  8:16  SCV  
  64  8:19  SCV x2  
  61  8:28  SCV  
  61  8:31  SCV  
Show
View Real Time Build Order
Export as new Build Order

Tarask Protoss 

Build Orders:  

Get SALT Encoding   

  12  0:02  Probe  
  13  0:14  Probe  
  13  0:21  Pylon  
  14  0:28  Probe  
  15  0:40  Probe  
  16  0:47  Gateway  
  16  0:52  Probe  
  17  0:58  Assimilator  
  17  1:04  Probe  
  17  1:07  Pylon  
  17  1:10  Assimilator  
  18  1:16  Probe  
  19  1:28  Probe  
  20  1:39  Cybernetics Core  
  20  1:41  Probe  
  21  1:53  Probe  
  22  2:05  Probe  
  23  2:17  Probe  
  24  2:25  Nexus, Stargate  
  24  2:28  Assimilator  
  24  2:30  Probe  
  24  2:33  Assimilator  
  25  2:42  Probe  
  26  2:54  Probe  
  27  3:06  Probe  
  27  3:07  Pylon  
  30  3:19  Void Ray (Chrono Boost), Pylon  
  28  3:25  Nexus  
  32  3:27  Pylon  
  32  3:29  Pylon  
  32  3:35  Probe  
  33  3:45  Void Ray (Chrono Boost)  
  33  3:48  Probe  
  38  4:00  Probe  
  39  4:12  Probe, Void Ray (Chrono Boost)  
  40  4:21  Stargate  
  44  4:38  Void Ray  
  38  5:15  Void Ray  
  38  5:23  Void Ray  
  46  5:43  Probe  
  46  5:44  Probe  
  48  5:52  Void Ray  
  48  5:55  Probe  
  48  5:56  Probe  
  54  6:08  Probe x2  
  56  6:20  Probe  
  56  6:23  Nexus  
  57  6:25  Assimilator  
  57  6:27  Probe  
  57  6:30  Assimilator  
  57  6:31  Void Ray  
  57  6:32  Probe  
  59  6:39  Probe  
  64  6:44  Probe  
  65  6:51  Probe  
  66  6:56  Probe  
  59  7:09  Void Ray (Chrono Boost)  
  47  7:40  Stargate  
  47  7:43  Probe x2 (Chrono Boost), Stargate  
  46  7:44  Probe (Chrono Boost)  
  46  7:49  Phoenix x2 (Chrono Boost)  
  46  7:54  Probe x3 (Chrono Boost)  
  53  7:58  Probe x3 (Chrono Boost), Pylon  
  56  8:09  Probe x2  
  55  8:14  Phoenix x2  
  56  8:22  Phoenix  
Show
View Real Time Build Order
Export as new Build Order

qqq Zerg - Winner!

Build Orders: Hatch First 

Get SALT Encoding   

  12  0:01  Drone  
  13  0:08  Drone  
  14  0:18  Overlord  
  14  0:49  Drone  
  15  0:50  Hatchery  
  15  0:54  Drone  
  15  0:58  Drone  
  16  1:05  Drone  
  17  1:12  Drone  
  18  1:19  Extractor  
  18  1:26  Extractor  
  18  1:28  Extractor  
  18  1:31  Drone  
  18  1:34  Extractor  
  18  1:35  Spawning Pool  
  16  1:41  Drone  
  19  2:15  Drone x3  
  20  2:22  Queen  
  20  2:23  Queen  
  20  2:24  Drone x2  
  20  2:25  Drone  
  27  2:38  Drone  
  28  2:44  Overlord  
  28  2:47  Hatchery  
  27  2:56  Metabolic Boost  
  27  2:59  Drone  
  27  3:04  Zergling x2  
  30  3:05  Zergling x2  
  30  3:06  Overlord  
  30  3:08  Drone x2  
  32  3:21  Zergling x2  
  33  3:29  Zergling x2  
  33  3:31  Drone  
  36  3:34  Zergling x2  
  36  3:35  Lair  
  36  3:37  Zergling x4, Overlord  
  36  3:39  Drone, Zergling x2  
  36  3:41  Zergling x2  
  41  3:46  Zergling x2  
  42  3:58  Zergling x2  
  42  3:59  Zergling x2  
  42  4:00  Zergling x2  
  45  4:05  Zergling x2  
  45  4:18  Zergling x2  
  45  4:19  Drone x2, Zergling x4  
  45  4:20  Zergling x2  
  51  4:25  Overlord  
  51  4:26  Drone  
  51  4:28  Queen  
  54  4:44  Zergling x8  
  57  4:46  Drone  
  57  4:50  Drone x2, Spore Crawler, Spire  
  57  4:51  Drone  
  57  4:58  Zergling x2  
  57  5:00  Overlord x3  
  57  5:02  Extractor  
  57  5:04  Extractor  
  57  5:05  Extractor  
  48  5:18  Zergling x6  
  48  5:19  Drone x4  
  49  5:34  Zergling x4  
  50  5:37  Zergling x2  
  50  5:38  Zergling x4  
  50  5:39  Drone, Zergling x6  
  53  5:52  Drone  
  53  6:03  Drone x4  
  57  6:05  Mutalisk  
  57  6:08  Zerg Flyer Weapons Level 1  
  56  6:11  Mutalisk  
  56  6:12  Hatchery  
  56  6:17  Spore Crawler  
  56  6:19  Mutalisk  
  56  6:20  Extractor  
  56  6:22  Drone x3  
  60  6:27  Mutalisk  
  60  6:28  Overlord  
  62  6:35  Queen  
  62  6:36  Drone  
  65  6:44  Mutalisk  
  65  6:46  Corruptor  
  64  7:03  Mutalisk x2  
  64  7:05  Drone x5  
  64  7:06  Drone  
  71  7:15  Mutalisk  
  73  7:22  Mutalisk  
  73  7:24  Drone x4  
  77  7:36  Drone x6  
  83  7:39  Spine Crawler  
  83  7:44  Spine Crawler  
  81  7:48  Drone x3  
  81  7:49  Mutalisk x2  
  88  7:56  Spine Crawler  
  88  7:58  Spine Crawler  
  86  8:03  Spore Crawler  
  85  8:07  Corruptor x2  
  89  8:16  Infestation Pit  
  88  8:22  Mutalisk x3  
Show
View Real Time Build Order
Export as new Build Order

Massa Terran - Winner!

Build Orders: Reaper Expand 

Get SALT Encoding   

  12  0:01  SCV  
  13  0:13  SCV  
  14  0:22  Supply Depot  
  14  0:25  SCV  
  15  0:44  SCV  
  15  0:45  Barracks  
  15  0:49  Refinery  
  16  1:00  SCV  
  17  1:12  SCV  
  18  1:24  SCV  
  19  1:33  Reaper  
  19  1:36  Orbital Command  
  20  1:44  Command Center  
  20  1:59  Supply Depot  
  20  2:02  SCV  
  21  2:09  Factory  
  21  2:28  Barracks Reactor  
  21  2:33  SCV  
  22  2:45  SCV  
  23  2:51  Refinery  
  23  3:20  Orbital Command  
  23  3:21  Starport, Barracks Tech Lab, SCV  
  24  3:28  Hellion x2  
  24  3:33  SCV  
  29  3:36  Supply Depot  
  29  3:37  Supply Depot  
  29  3:39  Supply Depot  
  29  3:41  Engineering Bay  
  29  3:46  SCV  
  30  3:49  Hellion  
  30  3:50  Hellion  
  34  3:58  SCV  
  35  4:03  SCV  
  35  4:04  Barracks Tech Lab  
  35  4:06  Raven  
  38  4:10  SCV  
  39  4:31  SCV, Barracks  
  39  4:32  SCV  
  39  4:34  Barracks, Marine  
  39  4:35  Marine, Siege Tank  
  46  4:44  SCV  
  47  4:52  Marine x2  
  40  5:08  Cyclone  
  40  5:10  Marine x2  
  45  5:15  SCV x2  
  45  5:19  Refinery  
  47  5:22  Starport Reactor  
  47  5:27  Barracks Reactor, SCV x2  
  47  5:28  Marine x2  
  50  5:31  Command Center  
  51  5:39  SCV x2  
  51  5:40  Siege Tank  
  56  5:51  SCV x2, Terran Infantry Weapons Level 1, Missile Turret x2  
  58  6:02  Stimpack  
  58  6:03  SCV x2  
  58  6:04  Marine x2  
  61  6:05  Marine x3  
  65  6:14  Refinery  
  65  6:19  Medivac  
  65  6:21  Marine  
  65  6:22  Marine  
  65  6:23  Marine  
  70  6:39  Supply Depot  
  70  6:40  Supply Depot x2  
  70  6:41  Marine x2  
  70  6:42  Cyclone  
  70  6:43  Marine x3  
  78  6:50  SCV  
  78  6:51  SCV  
  80  6:58  Marine x2  
  80  7:01  Marine  
  83  7:02  SCV  
  83  7:03  SCV  
  83  7:04  Supply Depot  
  83  7:05  Supply Depot  
  82  7:14  Cyclone  
  85  7:28  Supply Depot  
  83  7:36  Marauder, Marine x4  
  89  7:40  SCV x2  
  89  7:43  Orbital Command  
  91  7:50  Cyclone  
  94  7:52  SCV x2  
  94  7:54  Marine x4  
  94  7:58  Marauder, Medivac x2  
  106  8:04  SCV  
  107  8:07  Starport  
Tags
 
Add a new tag
Caveats
  • Supply blocks, unpowered buildings, or Contaminate may cause inaccurate times.
  • Supply counts are checked every 10 seconds.